AoeStats
← TheQuietRiot

Arena

505321620Analyzed
1v1 RM · 24d ago on Sep 8, 2026· 54m 28s· 2 players
Game mode
Random Map
Map size
Tiny (2 player)
Population
200
Speed
Normal
Resources
Standard
Victory
Conquest
Starting age
Dark Age
Ending age
Imperial Age
RankedLock teamsTeams togetherTeam positionsShared explorationLock speedFull tech treeHidden civsTurbo modeCheats
Victory
Defeat
🇦🇷 Khmer · Argentina
905
+17
🇬🇧 Britons · United Kingdom
919
-17
henrysq
11:20 Feudal Age
15:04 Castle Age
12:50 Loom
12:46 Horse Collar
13:50 Double-Bit Axe
14:08 Stone Mining
16:03 Wheelbarrow
17:11 Bow Saw
17:13 Heavy Plow
22:20 Pikeman
28:40 Imperial Age
26:09 Town Watch
28:48 Hand Cart
30:00 Conscription
29:36 Fletching
30:12 Bodkin Arrow
30:17 Gold Mining
31:05 Ballistics
31:36 Gold Shaft Mining
31:04 Bracer
31:33 Fortified Wall
31:35 Heavy Scorpion
32:59 Forging
33:25 Double Crossbow
34:36 Iron Casting
35:12 Stone Shaft Mining
35:09 Crop Rotation
36:45 Blast Furnace
36:05 Bloodlines
35:56 Husbandry
36:10 Scale Barding Armor
36:17 Devotion
36:35 Light Cavalry
38:41 Chemistry
37:47 Town Patrol
38:25 Masonry
38:38 Chain Barding Armor
40:16 Plate Barding Armor
40:06 Hussar
41:23 Architecture
41:34 Guard Tower
42:15 Siege Engineers
44:04 Hoardings
45:02 Murder Holes
45:49 Scale Mail Armor
47:43 Chain Mail Armor
52:19 Keep
53:53 Halberdier
54:18 Arson
TheQuietRiot
10:03 Feudal Age
8:19 Loom
10:51 Double-Bit Axe
11:49 Horse Collar
12:03 Gold Mining
15:25 Stone Mining
17:51 Castle Age
17:58 Light Cavalry
24:34 Fletching
25:41 Heavy Plow
26:54 Yeomen
27:38 Wheelbarrow
27:17 Bow Saw
29:17 Bodkin Arrow
30:25 Hand Cart
31:41 Padded Archer Armor
32:22 Squires
31:47 Pikeman
32:13 Gambesons
32:13 Arson
36:05 Imperial Age
33:21 Town Watch
35:15 Forging
35:06 Scale Mail Armor
35:26 Leather Archer Armor
35:30 Town Patrol
35:56 Ballistics
35:36 Murder Holes
37:13 Conscription
38:25 Chemistry
37:35 Siege Engineers
38:37 Gold Shaft Mining
39:04 Bracer
39:35 Ring Archer Armor
39:34 Elite Longbowman
41:38 Iron Casting
41:19 Chain Mail Armor
40:29 Onager
41:53 Treadmill Crane
43:43 Husbandry
44:45 Blast Furnace
44:15 Plate Mail Armor
43:54 Scale Barding Armor
47:15 Chain Barding Armor
52:16 Warwolf
Connection lost

Rejoining the realm…

Still unreachable

The connection could not be restored.

Session expired

The server has moved on; the page needs a fresh start.